 Dungeon Crawl Stone Soup version 0.23-a0-405-g368ce00 (webtiles) character file.

51 MisterFreud the Sneak (level 3, -1/15 HPs)
             Began as a Felid Transmuter on Nov 6, 2018.
             Slain by an orc
             ... wielding a +0 club
              (6 damage)
             ... on level 3 of the Dungeon.
             The game lasted 00:03:24 (1736 turns).

MisterFreud the Sneak (Felid Transmuter)            Turns: 1736, Time: 00:03:24

Health: -1/15      AC:  1    Str:  7    XL:     3   Next: 58%
Magic:  5/7        EV: 18    Int: 17    God:
Gold:   73         SH:  0    Dex: 16    Spells: 3/6 levels left
                                        Lives:  0   Deaths: 0

rFire    . . .     SeeInvis +     - Unarmed
rCold    . . .     Gourm    .   (shield unavailable)
rNeg     + . .     Faith    .   (armour unavailable)
rPois    .         Spirit   .   (helmet unavailable)
rElec    .         Reflect  .   (cloak unavailable)
rCorr    .         Harm     .   (gloves unavailable)
MR       .....                  (boots unavailable)
Stlth    +++.......             (no amulet)
HPRegen  0.05/turn              i - +3 ring of intelligence
MPRegen  0.10/turn              f - ring of positive energy

@: appendage (expiring), quick
A: very small, no armour, no weapons or thrown items, stealth, claws 1, fangs 3,
horns 2, see invisible, carnivore, speed 1, shaggy fur 1, slow metabolism 1,
sharp paws
a: End Transformation


You were on level 3 of the Dungeon.
You were completely stuffed.
You had grown temporary horns.
You visited 1 branch of the dungeon, and saw 3 of its levels.

You collected 73 gold pieces.

Inventory:

Missiles
 a - 40 arrows
Jewellery
 f - a ring of positive energy (right paw)
 i - a +3 ring of intelligence (left paw)
Scrolls
 d - 4 scrolls of identify
 k - a scroll of remove curse {unknown}
 l - a scroll of magic mapping {unknown}
 m - a scroll of random uselessness {unknown}
 o - a scroll of blinking {unknown}
Potions
 b - a potion of agility
 e - a potion of invisibility {unknown}
 j - a potion of haste {unknown}
Comestibles
 c - 5 rations


   Skills:
 - Level 1.0 Fighting
 - Level 2.6 Dodging
 + Level 4.9 Stealth
 - Level 3.0 Unarmed Combat
 - Level 2.0 Spellcasting
 - Level 2.1 Transmutations


You had 3 spell levels left.
You knew the following spells:

 Your Spells              Type           Power        Failure   Level  Hunger
a - Beastly Appendage     Tmut           #.....       8%          1    #......
b - Sticks to Snakes      Tmut           #.......     12%         2    ###....

Your spell library contained the following spells:

 Spells                   Type           Power        Failure   Level  Hunger
 Spider Form              Tmut/Pois      #.........   36%         3    ###....
 Ice Form                 Ice/Tmut       #.......     77%         4    #####..
 Blade Hands              Tmut           #.........   91%         5    ######.


Dungeon Overview and Level Annotations

Branches:
Dungeon (3/15)

Altars:
Kikubaaqudgha
Ru


Innate Abilities, Weirdness & Mutations

You cannot wear armour.
You are incapable of wielding weapons or throwing items.
Your paws allow you to move quietly. (Stealth)
You have sharp claws.
You have razor-sharp teeth.
You have supernaturally acute eyesight. (SInv)
You are carnivorous and can eat meat at any time.
You cover ground quickly.
You are covered in fur. (AC +1)
You have a slow metabolism.
Your sharp claws are effective at attacking unaware monsters.
You have a pair of horns on your head.


Message History

You feel better.
Your ball python dies!
The orc wizard casts a spell at you. The magic dart hits you!
As you read the scroll labeled ULODOB SAPEBIW, it crumbles to dust.
It is a scroll of identify.
b - a potion of agility The orc wizard barely misses you.
The orc closely misses you.
You scratch the orc wizard but do no damage.
Your claw misses the orc wizard. Your bite misses the orc wizard.
The orc wizard is moderately wounded.
Your transformation is almost over.
The orc wizard gestures at you while chanting.
The puff of frost misses you. The orc completely misses you.
The orc wizard closely misses you.
As you read the scroll labeled CITEIV KOAM, it crumbles to dust.
It is a scroll of enchant weapon.
You aren't carrying any weapons that can be enchanted.
The orc wizard completely misses you. The orc hits you with a +0 club.
You die...

.o......#...####
........##.>#
........##..###
........###>..#
#######)#####.#####
#o##........#
#o##........#
#o##........##
#@o+........'#
####........##
####'##### #.#
#.########
#.<.......
#.........
####.##### .#


You could see an orc wizard and 3 orcs.

Vanquished Creatures
  An ooze (D:2)
  A worm (D:2)
  A leopard gecko (D:1)
  An orc (D:3)
  A ball python (D:1)
  2 giant cockroaches (D:1)
  5 goblins
  A hobgoblin (D:2)
  6 bats
  5 frilled lizards
  4 kobolds
  7 rats
35 creatures vanquished.

Vanquished Creatures (collateral kills)
  An adder (D:2)
1 creature vanquished.

Grand Total: 36 creatures vanquished

Notes
Turn   | Place    | Note
-------+----------+-------------------------------------------
     0 | D:1      | MisterFreud the Felid Transmuter began the quest for the
                  | Orb.
     0 | D:1      | Reached XP level 1. HP: 9/9 MP: 4/4
    27 | D:1      | Reached skill level 1 in Stealth
   155 | D:1      | Reached skill level 2 in Stealth
   216 | D:1      | Reached XP level 2. HP: 9/12 MP: 4/6
   229 | D:1      | Learned a level 2 spell: Sticks to Snakes
   276 | D:1      | Reached skill level 3 in Stealth
  1045 | D:2      | Reached skill level 4 in Stealth
  1054 | D:2      | Reached XP level 3. HP: 15/15 MP: 5/7
  1422 | D:2      | Found an ancient bone altar of Kikubaaqudgha.
  1536 | D:2      | Found a sacrificial altar of Ru.
  1736 | D:3      | Slain by an orc

Vault maps used:
D:1:      dpeg_arrival_subterranean_lakeside_camping
D:2:      kiku_gazebo_pond_becter, first_ration, nicolae_ru_path_of_blood
D:3:      nicolae_dithmenos_through_a_glass_darkly

Skill      XL: |  1  2 |
---------------+-------+-----
Stealth        | 2 4 |  4.9
Fighting       | |  1.0
Dodging        | |  2.6
Unarmed Combat | |  3.0
Spellcasting   | |  2.0
Transmutations | |  2.1

Action                   || total
-------------------------++-------
Melee: Unarmed           ||    73
       Headbutt          ||     8
       Bite              ||     4
       Punch             ||     1
 Cast: Beastly Appendage ||    19
       Sticks to Snakes  ||     3
  Use: Scroll            ||     2
       Potion            ||     2
 Stab: Sleeping          ||    13
  Eat: Chunk             ||     9
Armor: Skin              ||     4
Dodge: Dodged            ||    70

Table legend:
 A = Non-vault XP
 B = Vault XP
 C = Vault XP percentage of total XP
 D = Non-vault monster count
 E = Vault monster count
 F = Vault count percentage of total count
                 A         B        C        D         E       F
            +---------+---------+-------+---------+---------+-------
      Total |      67 |       7 |   9.5 |      31 |       5 |  13.9
            +---------+---------+-------+---------+---------+-------
        D:1 |      31 |       7 |  18.4 |      20 |       5 |  20.0
        D:2 |      33 |       0 |   0.0 |      10 |       0 |   0.0
        D:3 |       3 |       0 |   0.0 |       1 |       0 |   0.0
            +---------+---------+-------+---------+---------+-------
